 Dungeon Crawl Stone Soup version 0.27.1-33-g824d729ab1 (webtiles) character file.

Game seed: 6101411347205121989

934 Grabarz the Bolt Thrower (level 7, -2/100 HPs)
             Began as a Deep Dwarf Hunter on Dec 8, 2021.
             Slain by Crazy Yiuf (12 damage)
             ... on level 4 of the Dungeon.
             The game lasted 00:29:54 (3366 turns).

Grabarz the Bolt Thrower (Deep Dwarf Hunter)        Turns: 3366, Time: 00:29:54

Health: -2/100     AC:  5    Str: 17    XL:     7   Next: 86%
Magic:  6/6        EV: 17    Int: 11    God:
Gold:   179        SH:  0    Dex: 14    Spells: 6/6 levels left

rFire    . . .     SeeInvis .   k - +4 dagger
rCold    . . .     Faith    .   (no shield)
rNeg     . . .     Spirit   .   c - +0 leather armour
rPois    .         Reflect  .   f - +0 helmet
rElec    .         Harm     .   i - +0 cloak
rCorr    .         Rampage  .   (no gloves)
Will     ++...                  (no boots)
Stlth    ..........             (no amulet)
HPRegen  0.00/turn              g - ring of willpower
MPRegen  0.10/turn              m - +4 ring of evasion

@: berserking, very quick
A: damage resistance, heal wounds, sense surroundings 1, no regeneration
a: Heal Wounds


You were on level 4 of the Dungeon.
You visited 1 branch of the dungeon, and saw 5 of its levels.

You collected 179 gold pieces.

Inventory:

Hand Weapons
 a - a +1 hand crossbow
 k - a +4 dagger (weapon)
Armour
 c - a +0 leather armour (worn)
 f - a +0 helmet (worn)
 i - a +0 cloak (worn)
Jewellery
 g - a ring of willpower (left hand)
 m - a +4 ring of evasion (right hand)
Scrolls
 e - 2 scrolls of identify
 h - a scroll of magic mapping
Potions
 b - a potion of haste
 j - a potion of berserk rage


   Skills:
 * Level 5.1 Fighting
 * Level 7.2 Crossbows
 + Level 4.4 Dodging
 + Level 4.7 Stealth


You had 6 spell levels left.
You didn't know any spells.
Your spell library contained the following spells:

 Spells                   Type           Power      Damage    Failure   Level
 Corona                   Hex            0%         N/A       41%         1
 Pain                     Necr           0%         1d4       41%         1
 Ensorcelled Hibernation  Hex/Ice        0%         N/A       54%         2
 Static Discharge         Conj/Air       0%         N/A       54%         2
 Fulminant Prism          Conj/Hex       0%         3d6       99%         4
 Leda's Liquefaction      Hex/Erth       0%         N/A       99%         4
 Agony                    Necr           0%         N/A       100%        5
 Excruciating Wounds      Necr           0%         N/A       100%        5
 Lightning Bolt           Conj/Air       0%         1d11      100%        5
 Maxwell's Capacitive Co  Air            0%         ∞         100%        8


Dungeon Overview and Level Annotations

Branches:
Dungeon (5/15)
 Temple: D:4-7

Altars:
Gozag
Nemelex Xobeh

Shops:
D:5 (

Annotations:
D:4 Crazy Yiuf


Innate Abilities, Weirdness & Mutations

You are resistant to damage.
You can heal yourself by infusing magical energy.
You passively map a small area around you.
You do not regenerate.


Message History

You shoot a bolt. The bolt hits Crazy Yiuf!
Crazy Yiuf is heavily wounded.
Crazy Yiuf hits you with a +3 quarterstaff of chaos!
* * * LOW HITPOINT WARNING * * *
You feel much better.
Crazy Yiuf hits you with a +3 quarterstaff of chaos!
You are electrocuted!!
* * * LOW HITPOINT WARNING * * *
Fire: 2 bolts
Press: ? - help, Q - select action, (/) - cycle Shift-Dir - straight line, f/p - Crazy Yiuf
Aim: Crazy Yiuf, wielding a +3 quarterstaff of chaos and wearing a +2 cloak (heavily wounded, 71% to hit)
You shoot a bolt. The bolt hits Crazy Yiuf.
Crazy Yiuf is almost dead.
Crazy Yiuf misses you.
Fire: bolt
Press: ? - help, Q - select action, (/) - cycle Shift-Dir - straight line, f/p - Crazy Yiuf
Aim: Crazy Yiuf, wielding a +3 quarterstaff of chaos and wearing a +2 cloak (almost dead, 71% to hit)
You shoot a bolt. The bolt closely misses Crazy Yiuf.
Crazy Yiuf hits you but does no damage.
k - a +4 dagger (weapon)
Crazy Yiuf hits you with a +3 quarterstaff of chaos.
You hit Crazy Yiuf.
Crazy Yiuf is almost dead.
Crazy Yiuf cries, "You leg down broken song, no?"
Crazy Yiuf drinks a potion.
Crazy Yiuf is healed!
You closely miss Crazy Yiuf.
Crazy Yiuf is heavily wounded.
Crazy Yiuf closely misses you.
You hit Crazy Yiuf.
Crazy Yiuf is severely wounded.
Crazy Yiuf hits you with a +3 quarterstaff of chaos.
* * * LOW HITPOINT WARNING * * *
A red film seems to cover your vision as you go berserk!
You feel yourself moving faster!
You feel mighty!
You closely miss Crazy Yiuf.
Crazy Yiuf is severely wounded.
You hit Crazy Yiuf.
Crazy Yiuf is almost dead.
Crazy Yiuf hits you with a +3 quarterstaff of chaos!
You die...

###♣♣♣♣♣ ##.#P.♣.♣♣♣* ### ,
##......♣..♣#...#
#......♣♣♣♣@g..(# * #...#P♣♣
♣♣#..)# ## , #.###♣♣ *###
#.## ..* #.# #..###.... #.#
#..#......
#.#################.........
#...............#.....#.....
###########.#.........##...#
###...#.....#....#


You could see Crazy Yiuf.

Vanquished Creatures
  Grinder (D:3)
  Sigmund (D:4)
  Eustachio (D:4)
  An ogre (D:2)
  A scorpion (D:4)
  An orc priest (D:3)
  A bullfrog skeleton (D:3)
  Jessica (D:3)
  An iguana (D:4)
  7 adders
  5 gnolls
  An adder skeleton (D:5)
  A worm (D:3)
  2 dart slugs (D:1)
  4 orcs (D:3)
  5 endoplasms
  3 giant cockroaches
  11 goblins
  6 hobgoblins
  2 quokkas
  9 ball pythons
  4 bats
  A frilled lizard (D:2)
  13 kobolds
  6 rats
89 creatures vanquished.

Vanquished Creatures (others)
  A fungus (D:1)
1 creature vanquished.

Grand Total: 90 creatures vanquished

Notes
Turn   | Place    | Note
-------+----------+-------------------------------------------
     0 | D:1      | Grabarz the Deep Dwarf Hunter began the quest for the Orb.
     0 | D:1      | Reached XP level 1. HP: 19/19 MP: 1/1
   116 | D:1      | Reached XP level 2. HP: 19/26 MP: 2/2
   582 | D:1      | Got Sif Muna's Tome of the Oath
   652 | D:1      | Reached XP level 3. HP: 21/32 MP: 3/3
  1121 | D:1      | Found a faded altar of an unknown god.
  1285 | D:2      | Reached skill level 5 in Crossbows
  1403 | D:2      | Reached XP level 4. HP: 19/40 MP: 4/4
  2013 | D:3      | Reached XP level 5. HP: 36/49 MP: 5/5
  2021 | D:3      | Noticed an ogre
  2022 | D:3      | Noticed Grinder
  2272 | D:3      | Noticed Jessica
  2281 | D:3      | Killed Jessica
  2415 | D:3      | You fall into a shaft and drop 2 floors!
  2415 | D:5      | Entered Level 5 of the Dungeon
  2439 | D:5      | Found a sparkling altar of Nemelex Xobeh.
  2439 | D:5      | Found an opulent altar of Gozag.
  2474 | D:5      | Found Efiezoe's Antique Weapon Boutique.
  2510 | D:4      | Reached XP level 6. HP: 21/57 MP: 6/6
  2519 | D:4      | Noticed Sigmund
  2561 | D:4      | Killed Sigmund
  2562 | D:4      | Reached skill level 6 in Crossbows
  2683 | D:4      | Noticed Eustachio
  2808 | D:3      | Paralysed by Grinder for 6 turns
  2818 | D:3      | Killed Grinder
  2819 | D:3      | Reached XP level 7. HP: 36/66 MP: 6/6
  3267 | D:4      | Killed Eustachio
  3268 | D:4      | Reached skill level 5 in Fighting
  3268 | D:4      | Reached skill level 7 in Crossbows
  3350 | D:4      | Found a runed translucent door.
  3351 | D:4      | Noticed Crazy Yiuf
  3366 | D:4      | Slain by Crazy Yiuf

Illustrated notes

Levels and vault maps discovered:
D:1:      psy_arrival_radial02, layout_loops_ring,
          shapermc_ecumenical_altar_petra, chequers_serial_rivers_micro_d
D:2:      layout_basic, minmay_misc_feat_pillars, minmay_goblin_outpost
D:3:      layout_rooms, amcnicky_mini_corridor_feature, uniq_jessica,
          uniq_grinder
D:4:      layout_cave_pools, marbit_many_paths, general_overflow_altar,
          uniq_eustachio, uniq_crazy_yiuf_cottage, uniq_sigmund
D:5:      layout_basic, grunt_temple_overflow_opulence,
          minmay_temple_entry_mini_moons, serial_shops,
          nicolae_shop_overgrown_old_shop, shop, nicolae_shop_stone,
          nicolae_shop_trees

Skill      XL: |  1  2  3  4  5  6  7 |
---------------+----------------------+-----
Fighting       | 2 3 4 5 |  5.1
Stealth        | 2 3 4 |  4.7
Crossbows      | 5 6 7 |  7.2
Dodging        | 3 4 |  4.4

Action                   |  1- 3 |  4- 6 |  7- 9 || total
-------------------------+-------+-------+-------++-------
Melee: Short sword       |     5 |       |       ||     5
       Dagger            |       |       |    36 ||    36
 Fire: Hand crossbow     |    79 |   117 |    36 ||   232
 Abil: Heal Wounds       |       |     3 |     1 ||     4
  Use: Scroll            |     3 |     1 |     1 ||     5
       Potion            |     1 |     1 |     3 ||     5
Armor: Leather armour    |     5 |     9 |    17 ||    31
Dodge: Dodged            |    13 |    21 |    70 ||   104
